 Dungeon Crawl Stone Soup version 0.23-a0-607-g760965b (console) character file.

1168 Duffy the Cleaver (level 8, -1/67 HPs)
             Began as a Naga Gladiator on Dec 20, 2018.
             Slain by a centaur skeleton (6 damage)
             ... on level 6 of the Dungeon.
             The game lasted 00:05:31 (6431 turns).

Duffy the Cleaver (Naga Gladiator)                  Turns: 6431, Time: 00:05:32

Health: -1/67      AC:  8    Str: 20    XL:     8   Next: 40%
Magic:  8/8        EV:  6    Int:  8    God:
Gold:   221        SH:  0    Dex: 12    Spells: 7/7 levels left

rFire    . . .     SeeInvis +   a - +0 war axe
rCold    . . .     Gourm    .   (no shield)
rNeg     . . .     Faith    .   x - +0 chain mail
rPois    +         Spirit   .   c - +0 helmet
rElec    .         Reflect  .   k - +0 cloak
rCorr    +         Harm     +   (no gloves)
MR       +....                  (no barding)
Stlth    ..........             v - amulet of harm
HPRegen  0.21/turn              l - ring of resist corrosion
MPRegen  0.11/turn              A - ring of see invisible

@: very slow
A: large, see invisible, deformed body, poison resistance, slowness 2, slow
metabolism 1, spit poison 1, AC +2
a: Spit Poison


You were on level 6 of the Dungeon.
You were not hungry.

You visited 2 branches of the dungeon, and saw 7 of its levels.

You collected 221 gold pieces.

Inventory:

Hand Weapons
 a - a +0 war axe (weapon)
Missiles
 d - 2 throwing nets (quivered)
Armour
 c - a +0 helmet (worn)
 k - a +0 cloak (worn)
 x - a +0 chain mail (worn)
Jewellery
 l - a ring of resist corrosion (left hand)
 p - an uncursed amulet of faith
 v - an amulet of harm (around neck)
 A - a ring of see invisible (right hand)
Wands
 q - a wand of random effects (7)
 y - a wand of acid (8)
Scrolls
 g - 4 scrolls of teleportation {unknown}
 j - 2 scrolls of identify {unknown}
 o - 4 scrolls of remove curse {unknown}
 t - 2 scrolls of enchant weapon {unknown}
 u - a scroll of immolation {unknown}
 C - a scroll of enchant armour {unknown}
Potions
 b - a potion of flight {unknown}
 e - a potion of haste {unknown}
 h - 2 potions of mutation {unknown}
 i - 5 potions of curing
 m - 2 potions of cancellation
 n - 2 potions of brilliance {unknown}
 r - a potion of heal wounds {unknown}
 s - a potion of agility
 w - a potion of invisibility {unknown}
 z - a potion of berserk rage {unknown}
 B - a potion of resistance {unknown}
Comestibles
 f - 10 rations
 D - a chunk of flesh


   Skills:
 - Level 2.0 Fighting
 + Level 10.2 Axes
 - Level 1.7 Throwing
 - Level 2.4 Dodging


You had 7 spell levels left.
You didn't know any spells.
Your spell library was empty.

Dungeon Overview and Level Annotations

Branches:
Dungeon (6/15)             Temple (1/1) D:4

Altars:
Ashenzari
Cheibriados
Dithmenos
Elyvilon
Fedhas
Gozag
Hepliaklqana
Makhleb
Nemelex Xobeh
Okawaru
Qazlal
Ru
Sif Muna
Trog
Uskayaw
Vehumet
Yredelemnul
Zin
Beogh

Annotations:
D:5 3 runed doors, exclusion: upstairs, SaintRoka's ghost, novice NaBe


Innate Abilities, Weirdness & Mutations

You cannot wear boots.
Your serpentine skin is tough. (AC +2)
You have supernaturally acute eyesight. (SInv)
Armour fits poorly on your strangely shaped body.
Your system is resistant to poisons. (rPois)
You cover ground very slowly.
You have a slow metabolism.
You can spit poison.


Message History

Aiming: Corrosive Bolt
Press: ? - help, Shift-Dir - straight line, f - orc warrior
Aim: an orc warrior, wielding a +0 short sword and wearing a +0 chain mail The bolt of acid misses the orc warrior.
The bolt of acid misses the orc.
The orc warrior hits you with a +0 short sword!
Evoke which item? (* to show all) (? for menu, Esc to quit)
Aiming: Corrosive Bolt
Press: ? - help, Shift-Dir - straight line, f - orc warrior
Aim: an orc warrior, wielding a +0 short sword and wearing a +0 chain mail The bolt of acid hits the orc warrior.
The orc warrior is splashed with acid.
The acid corrodes the orc warrior!
You kill the orc warrior!
Your Axes skill increases to level 10!
The bolt of acid hits the orc.
The orc is splashed with acid.
You kill the orc!
You slice the centaur skeleton!!
The centaur skeleton is almost destroyed.
The centaur skeleton hits you.
You die...

#### .[.#
...#
####...###
###.........
...........
#.))......
#Z# #@# #<#
#.# ...
...## #####


You could see a centaur skeleton.

Vanquished Creatures
  Grinder (D:5)
  An orc warrior (D:6)
  An ogre (D:4)
  A sky beast (D:4)
  Blork the orc (D:4)
  A howler monkey (D:3)
  A crimson imp (D:5)
  4 orc wizards
  4 hounds
  4 orc priests
  An iguana (D:4)
  2 worker ants
  3 adders
  An ooze (D:1)
  An adder zombie (D:5)
  5 worms
  3 dart slugs
  3 leopard geckos
  9 orcs
  6 giant cockroaches
  6 goblins
  2 hobgoblins
  4 jackals
  3 quokkas
  2 ball pythons
  6 bats
  4 frilled lizards (D:3)
  4 kobolds (D:1)
  6 rats
90 creatures vanquished.

Notes
Turn   | Place    | Note
-------+----------+-------------------------------------------
     0 | D:1      | Duffy the Naga Gladiator began the quest for the Orb.
     0 | D:1      | Reached XP level 1. HP: 19/19 MP: 1/1
   224 | D:1      | Reached XP level 2. HP: 19/26 MP: 2/2
   859 | D:1      | Reached skill level 4 in Axes
   952 | D:1      | Reached XP level 3. HP: 30/32 MP: 3/3
  2690 | D:2      | Reached XP level 4. HP: 24/39 MP: 4/4
  2905 | D:3      | Found a white marble altar of Elyvilon.
  2907 | D:3      | Found a hazy altar of Hepliaklqana.
  3074 | D:3      | Reached skill level 5 in Axes
  3261 | D:3      | Reached XP level 5. HP: 44/45 MP: 5/5
  3522 | D:3      | Reached skill level 6 in Axes
  4046 | D:4      | Found a staircase to the Ecumenical Temple.
  4100 | D:4      | Reached XP level 6. HP: 32/52 MP: 6/6
  4242 | D:4      | Reached skill level 7 in Axes
  4603 | D:5      | Entered Level 5 of the Dungeon
  4637 | D:5      | Reached XP level 7. HP: 60/60 MP: 7/7
  4716 | D:5      | Reached skill level 8 in Axes
  4811 | Temple   | Entered the Ecumenical Temple
  5484 | D:4      | Noticed Blork the orc
  5490 | D:4      | Killed Blork the orc
  5804 | D:5      | Noticed Grinder
  5827 | D:4      | Reached skill level 9 in Axes
  6104 | D:5      | Noticed SaintRoka's ghost (novice NaBe)
  6116 | D:5      | Paralysed by Grinder for 5 turns
  6128 | D:5      | Killed Grinder
  6128 | D:5      | Reached XP level 8. HP: 50/67 MP: 8/8
  6129 | D:5      | Found a runed gate.
  6130 | D:5      | Found a runed gate.
  6131 | D:5      | Found a runed gate.
  6133 | D:5      | Identified the +5 mace "Empil" {drain, -Tele rElec Dex+4
                  | Stlth+}
  6133 | D:5      | Identified the +1 chain mail "Fafiapt" {MR+}
  6134 | D:5      | Found a roughly hewn altar of Beogh.
  6430 | D:6      | Reached skill level 10 in Axes
  6431 | D:6      | Slain by a centaur skeleton

Vault maps used:
D:1:      dpeg_arrival_oval, glass_columns_b
D:2:      first_ration, supply_closet_lemuel, minmay_hedge_maze,
          minmay_quantized
D:3:      grunt_temple_overflow_open
D:4:      minmay_temple_entry_from_below_a, kennysheep_path_1,
          uniq_blork_the_orc
D:5:      biasface_ghost_orc_armoury, uniq_grinder
D:6:      gammafunk_temple_overflow_elements, lemuel_round_altar
Temple:   nicolae_temple_elliptical

Skill      XL: |  1  2  3  4  5  6  7  8 |
---------------+-------------------------+-----
Axes           | 4 5 6 7 9 10 | 10.2
Fighting       | |  2.0
Throwing       | |  1.7
Dodging        | |  2.4

Action                   |  1- 3 |  4- 6 |  7- 9 || total
-------------------------+-------+-------+-------++-------
Melee: War axe           |   120 |    96 |    82 ||   298
Throw: Throwing net      |       |     3 |       ||     3
 Abil: Spit Poison       |       |     6 |     4 ||    10
Evoke: Wand              |       |       |    12 ||    12
  Use: Potion            |       |     2 |       ||     2
 Stab: Distracted        |       |     1 |       ||     1
       Paralysed         |       |       |     5 ||     5
  Eat: Chunk             |     3 |     6 |     3 ||    12
       Ration            |       |       |     1 ||     1
Armor: Leather armour    |    43 |       |       ||    43
       Ring mail         |     6 |    27 |       ||    33
       Chain mail        |       |    10 |    47 ||    57
Dodge: Dodged            |    84 |    38 |    25 ||   147

Table legend:
 A = Non-vault XP
 B = Vault XP
 C = Vault XP percentage of total XP
 D = Non-vault monster count
 E = Vault monster count
 F = Vault count percentage of total count
                 A         B        C        D         E       F
            +---------+---------+-------+---------+---------+-------
      Total |    1271 |     398 |  23.8 |      86 |       4 |   4.4
            +---------+---------+-------+---------+---------+-------
        D:1 |      45 |       0 |   0.0 |      24 |       0 |   0.0
        D:2 |      82 |       7 |   7.9 |      15 |       2 |  11.8
        D:3 |     141 |       0 |   0.0 |      18 |       0 |   0.0
        D:4 |     554 |      96 |  14.8 |      15 |       1 |   6.2
        D:5 |     234 |     295 |  55.8 |      10 |       1 |   9.1
        D:6 |     215 |       0 |   0.0 |       4 |       0 |   0.0
            +---------+---------+-------+---------+---------+-------
